 Dungeon Crawl Stone Soup version 0.28-a0-1236-gb25a51b929 (webtiles) character file.

Game seed: 1066027236182105113

135 browni3141 the Chopper (level 5, -1/41 HPs)
             Began as a Ghoul Gladiator on Dec 25, 2021.
             Slain by an orc wizard (4 damage)
             ... on level 3 of the Dungeon.
             The game lasted 00:04:25 (2141 turns).

browni3141 the Chopper (Ghoul Gladiator)            Turns: 2141, Time: 00:04:25

Health: -1/41      AC: 15    Str: 20    XL:     5   Next: 18%
Magic:  4/4        EV:  2    Int:  3    God:
Gold:   101        SH:  0    Dex: 10    Spells: 4/4 levels left

rFire   + . .      SeeInvis .   a - +0 war axe
rCold   + . .      Faith    .   (no shield)
rNeg    + + +      Spirit   .   p - +0 crystal plate armour
rPois   ∞          Reflect  .   c - +0 helmet
rElec   .          Harm     .   (no cloak)
rCorr   .          Rampage  .   (no gloves)
Will    .....                   (no boots)
Stlth   ..........              (no amulet)
HPRegen 0.00/turn               h - ring of protection from fire
MPRegen 0.09/turn               (no ring)

@: confused, inhibited regen
A: claws 1, cold resistance 1, negative energy resistance 3, inhibited
regeneration, torment resistance 2
a: no special abilities


You were on level 3 of the Dungeon.
You visited 1 branch of the dungeon, and saw 3 of its levels.

You collected 101 gold pieces.

Inventory:

Hand Weapons
 a - a +0 war axe (weapon)
Missiles
 d - 3 throwing nets (quivered)
 i - 6 atropa-tipped darts
 q - 3 javelins
 r - 5 boomerangs
Armour
 b - a +0 leather armour
 c - a +0 helmet (worn)
 j - a +0 chain mail of willpower
 p - a +0 crystal plate armour (worn)
Jewellery
 h - a ring of protection from fire (left claw)
Scrolls
 e - 3 scrolls of identify {unknown}
 f - a scroll of enchant weapon {unknown}
 k - a scroll of fear {unknown}
 l - 2 scrolls of vulnerability {unknown}
 n - a scroll of enchant armour {unknown}
Potions
 g - a potion of lignification {unknown}
 m - a potion of mutation {unknown}
 o - a potion of flight {unknown}


   Skills:
 - Level 2.1 Fighting
 * Level 5.2 Axes
 - Level 1.7 Throwing
 - Level 2.6 Dodging


You had 4 spell levels left.
You didn't know any spells.
Your spell library contained the following spells:

 Spells                   Type           Power      Damage    Failure   Level
 Ozocubu's Armour         Ice            0%         N/A       100%        3
 Ozocubu's Refrigeration  Ice            0%         4d5       100%        7


Dungeon Overview and Level Annotations

Branches:
Dungeon (3/15)

Altars:


Innate Abilities, Weirdness & Mutations

You thrive by killing the living.
You are immune to poison.
You have sharp fingernails.
Your flesh is cold resistant. (rC+)
You are immune to negative energy. (rN+++)
You do not regenerate when monsters are visible.
You are immune to unholy pain and torment.


Message History

Unknown command.
Unknown command.
You hit something but do no damage.
You hear some strange, mumbled words.
You are confused.
Unknown command.
Unknown command.
You bump into the rock wall.
Something hits you but does no damage.
Unknown command.
You closely miss something. Something hits you but does no damage.
Unknown command.
You completely miss something. Something hits you but does no damage.
Unknown command.
You closely miss something.
Something hits you but does no damage. x2
You feel less confused. Something hits you.
* * * LOW HITPOINT WARNING * * *
You closely miss something. Something hits you but does no damage.
You hit something but do no damage. Something hits you but does no damage.
You closely miss something. Something hits you but does no damage.
You miss something.
You hear some strange, mumbled words.
A puff of flame appears from out of thin air!
The puff of flame hits you but does no damage.
Something hits you but does no damage.
You closely miss something. Something hits you but does no damage.
You barely miss something.
You hear some strange, mumbled words.
You are confused.
Unknown command.
You miss something.
You hear some strange, mumbled words.
A magic dart appears from out of thin air!
The magic dart hits you.
* * * LOW HITPOINT WARNING * * *
Something hits you but does no damage.
Unknown command.
You miss something. Something hits you but does no damage. Something hits you.
You die...

#........#
#........#
#........#
#........#
#........#
#........#
#.......<#
#........#
#...!..@)#
#......).#
##########


There were no monsters in sight!

Vanquished Creatures
  An iguana (D:3)
  3 gnolls (D:2)
  2 adders (D:2)
  2 dart slugs
  2 orcs (D:3)
  5 endoplasms
  A giant cockroach (D:1)
  4 goblins
  6 hobgoblins
  7 jackals
  2 quokkas
  8 ball pythons
  3 bats
  A frilled lizard (D:2)
  3 kobolds
  5 rats
55 creatures vanquished.

Notes
Turn   | Place    | Note
-------+----------+-------------------------------------------
     0 | D:1      | browni3141 the Ghoul Gladiator began the quest for the Orb.
     0 | D:1      | Reached XP level 1. HP: 17/17 MP: 0/0
    28 | D:1      | Reached skill level 3 in Axes
    35 | D:1      | Reached XP level 2. HP: 17/24 MP: 1/1
   409 | D:1      | Reached XP level 3. HP: 27/29 MP: 2/2
  1095 | D:2      | Reached skill level 4 in Axes
  1409 | D:2      | Reached XP level 4. HP: 36/36 MP: 3/3
  2121 | D:3      | Reached skill level 5 in Axes
  2122 | D:3      | Reached XP level 5. HP: 7/41 MP: 4/4
  2141 | D:3      | Slain by an orc wizard

Illustrated notes

Levels and vault maps discovered:
D:1:      lightli_molten_gateway, layout_loops_ring, serial_rivers,
          chequers_serial_rivers_large_b, chequers_serial_rivers_small_b,
          chequers_serial_rivers_marsh, chequers_serial_rivers_marsh,
          chequers_serial_rivers_marsh, chequers_serial_rivers_micro_b
D:2:      minmay_wonky_spiral, layout_loops_ring, serial_park_tiny_2,
          grunt_decor_cap
D:3:      layout_basic, dreamdust_ecumenical_altar_grove

Skill      XL: |  1  2  3  4 |
---------------+-------------+-----
Axes           | 3 4 5 |  5.2
Fighting       | |  2.1
Throwing       | |  1.7
Dodging        | |  2.6

Action                   |  1- 3 |  4- 6 || total
-------------------------+-------+-------++-------
Melee: War axe           |   101 |    72 ||   173
Armor: Leather armour    |    11 |       ||    11
       Chain mail        |    45 |    28 ||    73
       Crystal plate arm |       |    44 ||    44
Dodge: Dodged            |    50 |    20 ||    70

Table legend: (Time is in decaauts)
 A = Elapsed time spent in this place.
 B = Non-inter-level travel time spent in this place.
 C = Inter-level travel time spent in this place.
 D = Time resting spent in this place.
 E = Time spent auto-exploring this place.
 F = Levels seen in this place.
 G = Mean time per level.
                   A        B        C        D        E       F      G
               +--------+--------+--------+--------+--------+-----+--------+
         Total |   2228 |   2064 |    164 |      0 |   1631 |   3 |  742.7 |
       Dungeon |   2228 |   2064 |    164 |      0 |   1631 |   3 |  742.7 |
               +--------+--------+--------+--------+--------+-----+--------+

Top non-repeatable levels by time:
     D:1: 1093 daAuts
     D:2: 1090 daAuts
     D:3: 45 daAuts
